[ AOE2 MATCH · #505142326 ]
UnrankedSicilians vs Incas
Player's team · WIN
Rival team · LOSS
[ REPLAY ANALYSIS · EXTRACTED FROM THE RECORDED GAME ]
Feudal
8:53
Castle
22:37
Imperial
—
| APM avg | 71.1 |
| APM peak | 126 |
| eAPM avg | 39.7 |
| Villagers / military | 57 / 30 |
Focus
⚔️ 49.7% · 🌾 50.3%
Serjeant ×30
Feudal
12:44
Castle
—
Imperial
—
| APM avg | 43.9 |
| APM peak | 75 |
| eAPM avg | 20.0 |
| Villagers / military | 53 / 0 |
Focus
⚔️ 33.8% · 🌾 66.2%
Unknown (2550) ×18
Match map
Initial resources + every placement click. Lines = walls · curves = elevation contours. ◆ gold · ⬟ stone · ● berries · ✦ relic · ◌ wall gap
Your base· Open — unwalled flank
[CL] castiii's base· Open — unwalled flank
Smoothed initial terrain · ◌ = detected wall gap · hover for details
Inputs per minute
— Skirmisher Timing - - [CL] castiii
Build order — Skirmisher Timing
First 150 of 174 actions detected
| 0:02 | Create | Villager (Male) ×4 |
| 0:02 | Build | House |
| 0:03 | Build | House |
| 1:37 | Create | Villager (Male) |
| 1:37 | Create | Villager (Male) |
| 1:38 | Create | Villager (Male) |
| 1:56 | Create | Villager (Male) |
| 1:59 | Build | Lumber Camp |
| 2:12 | Create | Villager (Male) |
| 2:12 | Create | Villager (Male) |
| 2:49 | Create | Villager (Male) |
| 3:01 | Create | Villager (Male) |
| 3:02 | Create | Villager (Male) |
| 3:34 | Create | Villager (Male) |
| 3:47 | Create | Villager (Male) |
| 3:48 | Create | Villager (Male) |
| 3:50 | Build | House |
| 3:50 | Build | House |
| 4:05 | Create | Villager (Male) |
| 4:05 | Create | Villager (Male) |
| 4:19 | Create | Villager (Male) |
| 4:19 | Create | Villager (Male) |
| 4:37 | Create | Villager (Male) |
| 4:37 | Create | Villager (Male) |
| 4:53 | Build | Mill |
| 5:05 | Create | Villager (Male) |
| 5:06 | Create | Villager (Male) |
| 5:06 | Create | Villager (Male) |
| 6:43 | Research | Feudal Age |
| 6:43 | Research | Feudal Age |
| 7:11 | Build | Palisade Wall |
| 7:12 | Build | Palisade Wall |
| 7:13 | Build | Palisade Wall |
| 7:17 | Build | Palisade Wall |
| 7:20 | Build | Palisade Wall |
| 7:21 | Build | Palisade Wall |
| 7:21 | Build | Palisade Wall |
| 7:24 | Create | Villager (Male) |
| 7:26 | Research | Loom |
| 7:26 | Create | Villager (Male) |
| 7:31 | Build | Donjon |
| 7:46 | Build | Palisade Wall |
| 8:04 | Build | Mining Camp |
| 8:05 | Build | Palisade Wall |
| 8:07 | Build | Palisade Wall |
| 8:10 | Build | Palisade Wall |
| 8:11 | Build | Palisade Wall |
| 8:15 | Build | Palisade Wall |
| 8:21 | Build | House |
| 8:23 | Build | Palisade Wall |
| 8:24 | Create | Villager (Male) |
| 8:53 | Age | Feudal Age |
| 8:55 | Create | Serjeant ×2 |
| 8:55 | Create | Serjeant ×2 |
| 8:57 | Research | Double-Bit Axe |
| 8:57 | Research | Double-Bit Axe |
| 8:57 | Research | Double-Bit Axe |
| 9:08 | Create | Villager (Male) |
| 9:21 | Build | Mining Camp |
| 9:24 | Build | House |
| 9:28 | Build | Palisade Wall |
| 9:30 | Build | Palisade Wall |
| 9:43 | Create | Serjeant |
| 9:43 | Create | Serjeant |
| 9:50 | Build | Palisade Wall |
| 9:51 | Build | Palisade Wall |
| 10:08 | Research | Horse Collar |
| 10:08 | Research | Horse Collar |
| 10:14 | Create | Serjeant |
| 10:14 | Create | Serjeant |
| 10:35 | Create | Villager (Male) |
| 10:37 | Build | Farm |
| 10:38 | Build | Farm |
| 10:43 | Create | Serjeant |
| 10:43 | Create | Serjeant |
| 10:50 | Create | Villager (Male) |
| 10:51 | Create | Villager (Male) |
| 11:10 | Build | Farm |
| 11:12 | Build | Farm |
| 11:13 | Create | Villager (Male) |
| 11:13 | Build | Farm |
| 11:15 | Build | Farm |
| 11:18 | Build | House |
| 11:30 | Build | Farm |
| 11:40 | Create | Villager (Male) |
| 11:40 | Create | Villager (Male) |
| 11:40 | Create | Villager (Male) |
| 11:42 | Build | Farm |
| 11:52 | Build | House |
| 11:53 | Build | House |
| 11:56 | Create | Villager (Male) |
| 12:13 | Create | Serjeant ×2 |
| 12:13 | Create | Serjeant ×2 |
| 12:21 | Build | Donjon |
| 12:29 | Create | Serjeant |
| 12:50 | Build | Donjon |
| 12:55 | Create | Villager (Male) |
| 12:58 | Create | Villager (Male) |
| 12:59 | Build | Farm |
| 13:00 | Build | Farm |
| 13:23 | Create | Serjeant |
| 13:23 | Create | Serjeant |
| 13:27 | Build | Farm |
| 13:28 | Build | Farm |
| 13:31 | Build | Farm |
| 13:33 | Create | Villager (Male) |
| 13:53 | Create | Serjeant |
| 13:53 | Create | Serjeant |
| 13:57 | Build | House |
| 14:02 | Create | Villager (Male) |
| 14:05 | Build | Farm |
| 14:15 | Create | Serjeant |
| 14:21 | Build | Farm |
| 14:33 | Create | Serjeant |
| 14:33 | Create | Serjeant |
| 14:33 | Create | Villager (Male) |
| 14:33 | Create | Villager (Male) |
| 14:52 | Create | Villager (Male) |
| 15:14 | Create | Serjeant |
| 15:20 | Create | Villager (Male) |
| 15:27 | Create | Villager (Male) |
| 15:38 | Create | Villager (Male) |
| 15:42 | Build | Farm |
| 15:44 | Build | Farm |
| 15:46 | Build | Farm |
| 16:15 | Build | Donjon |
| 16:25 | Create | Villager (Male) |
| 16:27 | Build | Farm |
| 16:40 | Build | Blacksmith |
| 16:45 | Create | Villager (Male) |
| 16:53 | Create | Villager (Male) |
| 16:56 | Build | Palisade Wall |
| 16:58 | Build | Palisade Wall |
| 17:04 | Create | Villager (Male) |
| 17:24 | Create | Serjeant |
| 17:25 | Create | Serjeant |
| 17:26 | Create | Villager (Male) |
| 17:49 | Build | House |
| 17:52 | Build | House |
| 18:05 | Build | Blacksmith |
| 18:12 | Create | Serjeant |
| 18:18 | Create | Villager (Male) |
| 18:54 | Build | Market |
| 18:57 | Build | Palisade Wall |
| 18:59 | Build | Palisade Wall |
| 19:15 | Build | Palisade Wall |
| 19:18 | Build | Palisade Wall |
| 19:19 | Build | Palisade Wall |
| 19:21 | Create | Villager (Male) |
| 19:36 | Build | Lumber Camp |
Build order — [CL] castiii
137 actions detected in the replay
| 0:00 | Create | Villager (Male) |
| 0:01 | Create | Villager (Male) |
| 0:01 | Create | Villager (Male) |
| 0:02 | Build | House |
| 0:03 | Build | House |
| 0:10 | Create | Villager (Male) |
| 1:23 | Create | Villager (Male) |
| 2:01 | Create | Villager (Male) |
| 2:01 | Create | Villager (Male) |
| 2:25 | Create | Villager (Male) |
| 2:44 | Build | Barracks |
| 2:54 | Create | Villager (Male) |
| 3:13 | Create | Villager (Male) |
| 3:21 | Create | Villager (Male) |
| 3:35 | Create | Unit 2550 |
| 3:36 | Create | Unit 2550 |
| 3:57 | Create | Unit 2550 |
| 4:01 | Create | Villager (Male) |
| 4:27 | Create | Villager (Male) |
| 4:27 | Create | Villager (Male) |
| 4:47 | Create | Villager (Male) |
| 4:48 | Create | Unit 2550 |
| 5:10 | Create | Villager (Male) |
| 5:28 | Create | Villager (Male) |
| 5:31 | Build | Settlement |
| 6:06 | Create | Villager (Male) |
| 6:06 | Create | Villager (Male) |
| 6:07 | Build | House |
| 6:31 | Create | Unit 2550 |
| 6:39 | Create | Villager (Male) |
| 7:13 | Create | Villager (Male) |
| 7:27 | Build | Settlement |
| 7:40 | Create | Villager (Male) |
| 8:06 | Create | Villager (Male) |
| 8:34 | Build | Settlement |
| 8:36 | Create | Villager (Male) |
| 9:11 | Create | Villager (Male) |
| 9:44 | Create | Villager (Male) |
| 10:03 | Research | Loom |
| 10:04 | Create | Villager (Male) |
| 10:07 | Research | Feudal Age |
| 10:49 | Build | House |
| 10:52 | Build | Palisade Wall |
| 10:54 | Build | House |
| 10:56 | Build | Palisade Wall |
| 10:59 | Build | Palisade Wall |
| 11:10 | Build | Farm |
| 11:11 | Build | Farm |
| 11:12 | Build | Farm |
| 11:19 | Build | Farm |
| 11:21 | Create | Unit 2550 |
| 11:21 | Create | Unit 2550 |
| 11:34 | Build | Palisade Wall |
| 11:36 | Build | Palisade Wall |
| 11:40 | Build | Farm |
| 11:48 | Create | Villager (Male) |
| 11:50 | Build | Farm |
| 11:52 | Build | Farm |
| 11:54 | Build | Farm |
| 12:20 | Build | House |
| 12:25 | Build | House |
| 12:44 | Age | Feudal Age |
| 12:47 | Research | Tech 1402 |
| 12:50 | Create | Villager (Male) |
| 13:00 | Create | Unit 2550 |
| 13:25 | Build | Settlement |
| 13:28 | Create | Villager (Male) |
| 13:30 | Research | Town Watch |
| 13:41 | Build | House |
| 13:53 | Create | Unit 2550 |
| 13:54 | Create | Villager (Male) |
| 14:03 | Build | Stone Wall |
| 14:08 | Create | Unit 2550 |
| 14:23 | Build | Farm |
| 14:23 | Create | Villager (Male) |
| 14:42 | Build | Stone Wall |
| 14:45 | Build | Stone Wall |
| 15:00 | Create | Villager (Male) |
| 15:05 | Create | Villager (Male) |
| 15:10 | Build | House |
| 15:25 | Build | Blacksmith |
| 15:30 | Create | Unit 2550 |
| 15:42 | Build | Farm |
| 15:57 | Create | Villager (Male) |
| 15:57 | Create | Villager (Male) |
| 16:15 | Build | Market |
| 16:24 | Build | Stone Wall |
| 16:30 | Create | Villager (Male) |
| 16:41 | Build | Farm |
| 17:00 | Create | Villager (Male) |
| 17:03 | Research | Scale Mail Armor |
| 17:16 | Create | Villager (Male) |
| 17:27 | Build | Settlement |
| 17:28 | Build | Farm |
| 17:28 | Build | Farm |
| 17:28 | Build | Farm |
| 17:28 | Build | Farm |
| 17:29 | Build | Farm |
| 17:44 | Build | Barracks |
| 17:47 | Research | Forging |
| 17:47 | Create | Villager (Male) |
| 18:01 | Build | Farm |
| 18:09 | Create | Villager (Male) |
| 18:18 | Build | Farm |
| 18:25 | Build | Farm |
| 18:30 | Create | Unit 2550 |
| 18:30 | Create | Unit 2550 |
| 18:31 | Create | Villager (Male) |
| 18:39 | Research | Double-Bit Axe |
| 18:56 | Create | Villager (Male) |
| 18:58 | Create | Villager (Male) |
| 18:59 | Create | Villager (Male) |
| 19:15 | Create | Villager (Male) |
| 19:26 | Create | Unit 2550 |
| 19:27 | Create | Unit 2550 |
| 19:27 | Create | Unit 2550 |
| 19:29 | Create | Villager (Male) |
| 19:35 | Build | House |
| 19:41 | Build | Farm |
| 19:41 | Build | Farm |
| 19:50 | Create | Villager (Male) |
| 20:02 | Build | Settlement |
| 20:08 | Create | Unit 2550 |
| 20:22 | Create | Villager (Male) |
| 20:30 | Build | Farm |
| 20:30 | Build | Farm |
| 20:32 | Build | Farm |
| 20:34 | Build | Farm |
| 20:35 | Create | Unit 2550 |
| 20:39 | Create | Villager (Male) |
| 20:59 | Build | Settlement |
| 21:11 | Build | Watch Tower |
| 21:17 | Create | Villager (Male) |
| 21:36 | Build | Farm |
| 21:37 | Build | Farm |
| 22:01 | Create | Villager (Male) |
| 22:36 | Create | Villager (Male) |
Match timeline
| 2:44 | [CL] castiii · first_building Barracks |
| 7:11 | Skirmisher Timing · wall_segment Palisade Wall x1 |
| 7:12 | Skirmisher Timing · wall_segment Palisade Wall x1 |
| 7:13 | Skirmisher Timing · wall_segment Palisade Wall x1 |
| 7:17 | Skirmisher Timing · wall_segment Palisade Wall x3 |
| 7:20 | Skirmisher Timing · wall_segment Palisade Wall x1 |
| 7:21 | Skirmisher Timing · wall_segment Palisade Wall x1 |
| 7:21 | Skirmisher Timing · wall_segment Palisade Wall x1 |
| 7:31 | Skirmisher Timing · first_building Donjon |
| 7:46 | Skirmisher Timing · wall_segment Palisade Wall x1 |
| 8:05 | Skirmisher Timing · wall_segment Palisade Wall x1 |
| 8:07 | Skirmisher Timing · wall_segment Palisade Wall x1 |
| 8:10 | Skirmisher Timing · wall_segment Palisade Wall x1 |
| 8:11 | Skirmisher Timing · wall_segment Palisade Wall x1 |
| 8:15 | Skirmisher Timing · wall_segment Palisade Wall x2 |
| 8:23 | Skirmisher Timing · wall_segment Palisade Wall x1 |
| 8:53 | Skirmisher Timing · age_up feudal |
| 9:28 | Skirmisher Timing · wall_segment Palisade Wall x1 |
| 9:30 | Skirmisher Timing · wall_segment Palisade Wall x1 |
| 9:50 | Skirmisher Timing · wall_segment Palisade Wall x1 |
| 9:51 | Skirmisher Timing · wall_segment Palisade Wall x1 |
| 10:52 | [CL] castiii · wall_segment Palisade Wall x1 |
| 10:56 | [CL] castiii · wall_segment Palisade Wall x1 |
| 10:59 | [CL] castiii · wall_segment Palisade Wall x1 |
| 11:34 | [CL] castiii · wall_segment Palisade Wall x1 |
| 11:36 | [CL] castiii · wall_segment Palisade Wall x1 |
| 12:44 | [CL] castiii · age_up feudal |
| 14:03 | [CL] castiii · wall_segment Stone Wall x4 |
| 14:42 | [CL] castiii · wall_segment Stone Wall x1 |
| 14:45 | [CL] castiii · wall_segment Stone Wall x1 |
| 16:24 | [CL] castiii · wall_segment Stone Wall x7 |
| 16:56 | Skirmisher Timing · wall_segment Palisade Wall x1 |
| 16:58 | Skirmisher Timing · wall_segment Palisade Wall x1 |
| 17:01 | [CL] castiii · first_market_buy 100 food |
| 18:57 | Skirmisher Timing · wall_segment Palisade Wall x1 |
| 18:59 | Skirmisher Timing · wall_segment Palisade Wall x1 |
| 19:15 | Skirmisher Timing · wall_segment Palisade Wall x1 |
| 19:18 | Skirmisher Timing · wall_segment Palisade Wall x1 |
| 19:19 | Skirmisher Timing · wall_segment Palisade Wall x1 |
| 21:15 | Skirmisher Timing · first_building Barracks |
| 21:59 | [CL] castiii · first_market_sell 500 wood |
| 22:37 | Skirmisher Timing · age_up castle |
| 22:38 | Skirmisher Timing · first_market_buy 100 stone |
| 23:00 | [CL] castiii · resign |
[ AI ANALYSIS · 1 CREDIT ]
What really happened in this match?
Wolo.gg analyzes every decision: build order, eco, micro, common mistakes by bracket. Personalized analysis on WhatsApp or Discord in 30 seconds.
Civ guide
Sicilians
Perfil
Jugador #21914183